 Dungeon Sprint DCSS version 0.30.1-11-g7821555f0a (webtiles) character file.

Game seed: 14440874840321937446

46471 Heoruswealwe the Minotaur Porcupine (level 14, -2/155 HPs)
             Began as a Minotaur Fighter on Jan 3, 2024.
             Was an Initiate of Gozag.
             Slain by Agnes
             ... wielding a +2 lajatang of distortion
              (19 damage)
             ... in the Dungeon (Sprint IX: "|||||||||||||||||||||||||||||").
             The game lasted 00:37:01 (3179 turns).

Heoruswealwe the Minotaur Porcupine (MiFi)          Turns: 3179, Time: 00:37:01

Health: -2/155     AC: 39    Str: 25    XL:     14   Next: 5%
Magic:  13/13      EV: 10    Int:  4    God:    Gozag
Gold:   821        SH:  0    Dex: 11    Spells: 13/13 levels left

rFire   + . .        b - +12 glaive of Prune {freeze, Prune}
rCold   . . .        (shield currently unavailable)
rNeg    + . .        c - +2 crystal plate armour
rPois   +            (helmet restricted)
rElec   .            h - +2 ratskin cloak {*Rats rPois rN+ Str-1 Int-1 Dex+1}
rCorr   +            f - +1 pair of gloves
SInv    .            e - +0 pair of boots
Will    +....        i - amulet of the acrobat Stlth
                     k - ring of resist corrosion
HPRegen 0.45/turn    j - ring of protection from fire
MPRegen 0.13/turn

%: no teleportation, acrobat
@: gold aura, studying Maces & Flails
A: horns 2, retaliatory headbutt
a: Renounce Religion, Potion Petition, Call Merchant, Bribe Branch


You were in the Dungeon.
You worshipped Gozag.
Gozag was pleased with you.
You visited 1 branch You collected 15981 gold pieces.
You spent 8175 gold pieces at shops.
You paid 6985 gold pieces to Gozag.

Inventory:

Hand Weapons
 a - a +1 trident of venom
 b - the +12 glaive of Prune (weapon) {freeze, Prune}
   (You found it in the Dungeon)

   Prune:     It halves damage taken while paralysed, petrified or unconscious.
 l - the +7 lajatang of Order {silver, rMut}
   (You found it in the Dungeon)

   rMut:      It protects you from mutation.
 m - the +9 sword of Zonguldrok {reap}
   (You bought it in a shop in the Dungeon)
Armour
 c - a +2 crystal plate armour (worn)
 d - a +1 tower shield
 e - a +0 pair of boots (worn)
 f - a +1 pair of gloves (worn)
 h - the +2 ratskin cloak (worn) {*Rats rPois rN+ Str-1 Int-1 Dex+1}
   (You bought it in a shop in the Dungeon)

   *Rats:     When the wearer is hurt, rats may emerge from it to assist them.
   Str:       It affects your strength (-1).
   Int:       It affects your intelligence (-1).
   Dex:       It affects your dexterity (+1).
   rPois:     It protects you from poison.
   rN:        It protects you from negative energy.
Jewellery
 i - an amulet of the acrobat (around neck)
 j - a ring of protection from fire (right hand)
 k - a ring of resist corrosion (left hand)
Wands
 x - a wand of iceblast (4)
 z - a wand of quicksilver (10)
 A - a wand of flame (11)
Scrolls
 p - 4 scrolls of enchant armour
 q - 9 scrolls of enchant weapon
 s - 5 scrolls of blinking
 t - 5 scrolls of identify
 w - 3 scrolls of silence
Potions
 g - 5 potions of haste
 n - 15 potions of curing
 o - a potion of berserk rage
 r - 10 potions of heal wounds
 y - 4 potions of might
Miscellaneous
 u - a box of beasts
 C - a tin of tremorstones (2/2)


   Skills:
 + Level 22.7 Fighting
 O Level 27 Polearms
 + Level 22.7 Armour
 + Level 10.7 Dodging
 + Level 12.2 Shields
 + Level 9.0 Evocations


You had 13 spell levels left.
You didn't know any spells.
Your spell library was empty.

Dungeon Overview and Level Annotations

Branches:
Dungeon (1/1)

Altars:
Cheibriados
Dithmenos
Elyvilon
Fedhas
Gozag
Hepliaklqana
Kikubaaqudgha
Makhleb
Nemelex Xobeh
Okawaru
Qazlal
Ru
Sif Muna
Trog
Uskayaw
Vehumet
Wu Jian
Xom
Yredelemnul
Zin
The Shining One
Jiyva
Lugonu

Shops:
D *((*[[*(:!?

Annotations:
D Agnes


Innate Abilities, Weirdness & Mutations

You have a pair of horns on your head.
You reflexively headbutt those who attack you in melee.


Message History

You slice Rupert!! You freeze Rupert. Your headbutt misses Rupert.
Rupert is severely wounded.
Rupert hits you but does no damage.
You slice Rupert!! You freeze Rupert.
Rupert is severely wounded.
Rupert hits you with a +5 executioner's axe of flaming!
A hell rat scurries out from under your cloak.
Rupert burns you.
You slice Rupert!! You freeze Rupert.
You kill Rupert!
Agnes hits you but does no damage.
Your Evocations skill increases to level 9!
You have reached level 14!
You slice Agnes like a ripe choko!!! You freeze Agnes.
Your headbutt misses Agnes.
Agnes is moderately wounded.
Agnes hits you but does no damage. Space warps around you.
You slice Agnes!! You freeze Agnes! Your headbutt misses Agnes.
Agnes is severely wounded.
Agnes hits you but does no damage. Space warps horribly around you!
Agnes hits you with a +2 lajatang of distortion!
You miss Agnes. Your headbutt misses Agnes.
Agnes is severely wounded.
Agnes hits you with a +2 lajatang of distortion!
Agnes hits you with a +2 lajatang of distortion!!
A river rat scurries out from under your cloak.
Space warps around you.
You slash Agnes! You freeze Agnes. You headbutt Agnes.
Agnes is severely wounded.
Agnes hits you but does no damage. Agnes barely misses you.
You closely miss Agnes.
Agnes is severely wounded.
Agnes hits you but does no damage. Space warps horribly around you!
* * * LOW HITPOINT WARNING * * *
Agnes hits you with a +2 lajatang of distortion!!
* * * LOW HITPOINT WARNING * * *
A hell rat scurries out from under your cloak.
Space warps horribly around you!!
You die...
Your body crumbles into a pile of gold.

,*,*,*,*,*+*,*,▓.▓∩▓.▓.▓.▓.▓.▓[▓.
,*,*,*,*,*,*,*,▓.▓.▓.▓.▓.▓∩▓.▓.▓.
,*,*,*,*,*,*,*,▓.▓'▓.▓.▓.▓.▓.▓.▓.
,*+*,*,*,*,*,*,▓.▓.▓.▓.▓.▓∩▓.▓'▓.
,*,*,*,*,*,*,*,▓.▓.▓.▓.▓.▓.▓.▓.▓.
,*,*,*,*,*,*,*,▓.▓.▓.▓.▓.▓∩▓.▓.▓.
,*,*,*,*,*,*,*,▓r▓.▓.▓.▓.▓.▓.▓.▓.
,*,*,*,*,*,*,*,▓r▓.▓.▓.▓.▓∩▓.▓.▓.
,*$*,*+*,*,*,*,▓@▓.▓.▓.▓.▓.▓.▓.▓.
,*,*,*,*,*,*,*,▓i▓.▓.▓.▓.▓∩▓.▓.▓.
,*,*,*,*,*,*,*,▓r▓.▓.▓.▓.▓.▓)▓.▓.
,*,*,*,*,*,*,*,▓.▓)▓.▓.▓.▓∩▓.▓.▓.
,*,*,*,*,*,*,*,▓.▓'▓.▓.▓.▓.▓.▓.▓.
,*$*,*,*,*,*,*,▓.▓.▓.▓.▓.▓.▓.▓.▓.
,*$*,*,*,*,*,*,▓.▓.▓.▓.▓.▓.▓)▓.▓.
,*,*,*,*,*,*,*,▓.▓.▓.▓(▓.▓.▓.▓.▓.
,*,*,*,*,*,*,*,*,▓.▓.▓.▓.▓!▓.▓'▓.


You could see Agnes (berserk, ally target), 2 friendly hell rats and a friendly
river rat.

Vanquished Creatures
  Rupert (D)
  A sphinx (D)
  A nagaraja (D)
  3 broodmothers (D)
  A stone giant (D)
  A bunyip (D)
  4 ettins (D)
  Josephine (D)
  An entropy weaver (shapeshifter) (D)
  A merfolk impaler (D)
  An ice dragon (D)
  Harold (D)
  2 ogre magi (D)
  2 anacondas (D)
  5 catoblepae (D)
  A centaur warrior (D)
  A two-headed ogre (D)
  2 tengu warriors (D)
  2 death yaks (D)
  An orc high priest (D)
  A naga sharpshooter (D)
  Sonja (D)
  A spriggan (D)
  An iron troll (D)
  A spriggan druid (D)
  A glowing orange brain (D)
  A sea snake (D)
  3 deep trolls (D)
  A bog body (D)
  A swamp dragon (D)
  A steelbarb worm (D)
  A lindwurm (D)
  3 orc knights (D)
  4 manticores (D)
  2 will-o-the-wisps (D)
  A cyclops (D)
  3 black mambas (D)
  A moth of wrath (D)
  3 guardian serpents (D)
  2 water nymphs (D)
  2 torpor snails (D)
  2 cane toads (D)
  A demonic crawler (D)
  An efreet (D)
  A rime drake (shapeshifter) (D)
  A rime drake (D)
  A tengu conjurer (D)
  3 komodo dragons (D)
  A polar bear (D)
  A polar bear (shapeshifter) (D)
  A merfolk (D)
  6 trolls (D)
  A tarantella (D)
  A hornet (D)
  A bloated husk (D)
  A blink frog (D)
  A wind drake (D)
  A snapping turtle (D)
  A slime creature (D)
  A shadow (D)
  5 wraiths (D)
  5 yaks (D)
  2 wyverns (D)
  2 basilisks (D)
  Eustachio (D)
  Grum (D)
  2 vampire mosquitoes (D)
  A redback (D)
  An acid dragon (D)
  12 orc warriors (D)
  3 wolves (D)
  A bullfrog (D)
  A howler monkey (D)
  A hound (D)
  2 orc priests (D)
  An iguana (D)
  3 orc wizards (D)
  A gnoll (D)
  8 orcs (D)
  A bat (D)
  2 endoplasms (D)
  A hobgoblin (D)
  A kobold (D)
153 creatures vanquished.

Vanquished Creatures (others)
  3 foxfires (D)
3 creatures vanquished.

Grand Total: 156 creatures vanquished

Notes
Turn   | Place    | Note
-------+----------+-------------------------------------------
     0 | D        | Heoruswealwe the Minotaur Fighter began the quest for the
                  | Orb.
     0 | D        | Reached XP level 1. HP: 19/19 MP: 0/0
     0 | D        | Banished a spatial maelstrom
     7 | D        | Reached skill level 3 in Polearms
    14 | D        | Reached skill level 4 in Polearms
    21 | D        | Noticed an iguana
    21 | D        | Noticed an orc wizard
    21 | D        | Noticed a hound
    28 | D        | Killed a hound
    29 | D        | Reached skill level 5 in Fighting
    29 | D        | Reached skill level 5 in Polearms
    29 | D        | Reached skill level 5 in Armour
    29 | D        | Reached XP level 2. HP: 19/29 MP: 1/1
    29 | D        | Reached XP level 3. HP: 23/36 MP: 2/2
    33 | D        | Reached skill level 6 in Polearms
    50 | D        | Reached skill level 7 in Polearms
    50 | D        | Reached XP level 4. HP: 33/44 MP: 3/3
    61 | D        | Found a snail-covered altar of Cheibriados.
    61 | D        | Found a shadowy altar of Dithmenos.
    61 | D        | Found a white marble altar of Elyvilon.
    61 | D        | Found a blossoming altar of Fedhas.
    61 | D        | Found an opulent altar of Gozag.
    62 | D        | Found a hazy altar of Hepliaklqana.
    63 | D        | Found a viscous altar of Jiyva.
    64 | D        | Found an ancient bone altar of Kikubaaqudgha.
    65 | D        | Found a corrupted altar of Lugonu.
    66 | D        | Found a burning altar of Makhleb.
    67 | D        | Found a sparkling altar of Nemelex Xobeh.
    68 | D        | Found an iron altar of Okawaru.
    69 | D        | Became a worshipper of Gozag Ym Sagoz the Greedy
    70 | D        | Found a stormy altar of Qazlal.
    71 | D        | Found a sacrificial altar of Ru.
    72 | D        | Found a shimmering blue altar of Sif Muna.
    73 | D        | Found a bloodstained altar of Trog.
    74 | D        | Found a hide-covered altar of Uskayaw.
    75 | D        | Found a radiant altar of Vehumet.
    76 | D        | Found an ornate altar of the Wu Jian Council.
    77 | D        | Found a shimmering altar of Xom.
    78 | D        | Found a basalt altar of Yredelemnul.
    79 | D        | Found a glowing silver altar of Zin.
    80 | D        | Found a glowing golden altar of the Shining One.
    88 | D        | Found the +7 lajatang of Order {silver, rMut}
    88 | D        | Found the +12 glaive of Prune {freeze, Prune}
   147 | D        | Noticed a troll
   147 | D        | Noticed an orc warrior
   147 | D        | Noticed an orc warrior
   147 | D        | Noticed a shadow
   147 | D        | Noticed an acid dragon
   154 | D        | Killed an acid dragon
   155 | D        | Reached skill level 10 in Polearms
   155 | D        | Reached XP level 5. HP: 30/53 MP: 4/4
   159 | D        | Killed a shadow
   160 | D        | Reached skill level 11 in Polearms
   160 | D        | Reached XP level 6. HP: 26/62 MP: 5/5
   161 | D        | Killed an orc warrior
   162 | D        | Reached skill level 12 in Polearms
   164 | D        | Killed an orc warrior
   165 | D        | Reached XP level 7. HP: 30/71 MP: 6/6
   167 | D        | Reached skill level 13 in Polearms
   167 | D        | Killed a troll
   168 | D        | Reached skill level 10 in Fighting
   168 | D        | Reached skill level 14 in Polearms
   168 | D        | Reached skill level 10 in Armour
   296 | D        | Noticed a two-headed ogre
   296 | D        | Noticed a slime creature
   296 | D        | Noticed an efreet
   296 | D        | Noticed a tengu warrior
   296 | D        | Noticed a tengu conjurer
   296 | D        | Noticed a cyclops
   298 | D        | Killed a cyclops
   299 | D        | Reached skill level 15 in Polearms
   299 | D        | Reached XP level 8. HP: 82/82 MP: 7/7
   301 | D        | Killed a tengu warrior
   302 | D        | Reached skill level 16 in Polearms
   305 | D        | Killed a tengu conjurer
   307 | D        | Killed an efreet
   308 | D        | Reached skill level 17 in Polearms
   308 | D        | Reached XP level 9. HP: 61/92 MP: 8/8
   313 | D        | Killed a two-headed ogre
   314 | D        | Reached skill level 18 in Polearms
   514 | D        | Noticed a polar bear
   514 | D        | Noticed a cane toad
   514 | D        | Noticed a catoblepas
   518 | D        | Killed a catoblepas
   521 | D        | Reached skill level 19 in Polearms
   525 | D        | Killed a cane toad
   525 | D        | Noticed a black mamba
   526 | D        | Reached XP level 10. HP: 81/104 MP: 9/9
   539 | D        | Reached skill level 20 in Polearms
   540 | D        | Killed a black mamba
   541 | D        | Reached skill level 15 in Fighting
   541 | D        | Reached skill level 15 in Armour
   633 | D        | Noticed a torpor snail
   640 | D        | Noticed a cane toad
   680 | D        | Noticed a catoblepas
   804 | D        | Killed a torpor snail
   807 | D        | Reached skill level 21 in Polearms
   820 | D        | Killed a catoblepas
   822 | D        | Killed a cane toad
   856 | D        | Noticed a death yak
   856 | D        | Noticed a catoblepas
   856 | D        | Noticed a catoblepas
   856 | D        | Noticed a death yak
   861 | D        | Killed a death yak
   862 | D        | Reached skill level 22 in Polearms
   862 | D        | Reached XP level 11. HP: 108/115 MP: 10/10
   883 | D        | Killed a catoblepas
   904 | D        | Killed a catoblepas
   910 | D        | Killed a death yak
   914 | D        | Noticed a catoblepas
   931 | D        | Killed a catoblepas
   932 | D        | Reached skill level 23 in Polearms
  1152 | D        | Noticed Grum
  1153 | D        | Noticed Eustachio
  1161 | D        | Killed Grum
  1180 | D        | Killed Eustachio
  1214 | D        | Noticed Josephine
  1222 | D        | Killed Josephine
  1306 | D        | Reached skill level 24 in Polearms
  1395 | D        | Noticed an orc knight
  1405 | D        | Noticed an orc knight
  1408 | D        | Killed an orc knight
  1416 | D        | Noticed an orc knight
  1424 | D        | Killed an orc knight
  1436 | D        | Killed an orc knight
  1439 | D        | Noticed an orc high priest
  1454 | D        | Killed an orc high priest
  1455 | D        | Reached XP level 12. HP: 84/128 MP: 11/11
  1562 | D        | Found Pesaifuc's Magic Scroll Boutique.
  1562 | D        | Noticed an ettin
  1562 | D        | Noticed an ettin
  1564 | D        | Killed an ettin
  1565 | D        | Reached skill level 25 in Polearms
  1581 | D        | Noticed an ogre mage
  1584 | D        | Killed an ettin
  1597 | D        | Killed an ogre mage
  1600 | D        | Found Orauxt's Distillery.
  1604 | D        | Found Fulid's Book Boutique.
  1607 | D        | Found Xerotet's Weapon Shop.
  1624 | D        | Reached skill level 26 in Polearms
  1662 | D        | Noticed an ogre mage
  1685 | D        | Killed an ogre mage
  1743 | D        | Bought a scroll of enchant weapon for 75 gold pieces
  1743 | D        | Bought a scroll of enchant weapon for 75 gold pieces
  1743 | D        | Bought a scroll of vulnerability for 40 gold pieces
  1743 | D        | Bought a scroll of identify for 20 gold pieces
  1743 | D        | Bought a scroll of blinking for 75 gold pieces
  1743 | D        | Bought 3 scrolls of enchant weapon for 225 gold pieces
  1743 | D        | Bought a scroll of identify for 20 gold pieces
  1743 | D        | Bought a scroll of blinking for 75 gold pieces
  1743 | D        | Bought a scroll of enchant weapon for 75 gold pieces
  1743 | D        | Bought a scroll of magic mapping for 75 gold pieces
  1746 | D        | Bought a potion of degeneration for 11 gold pieces
  1746 | D        | Bought 2 potions of heal wounds for 110 gold pieces
  1746 | D        | Bought a potion of might for 44 gold pieces
  1746 | D        | Bought a potion of curing for 33 gold pieces
  1746 | D        | Bought 2 potions of haste for 220 gold pieces
  1746 | D        | Bought 2 potions of haste for 220 gold pieces
  1746 | D        | Bought a potion of brilliance for 44 gold pieces
  1746 | D        | Bought 2 potions of curing for 66 gold pieces
  1748 | D        | Bought a manual of Maces & Flails for 1040 gold pieces
  1753 | D        | Bought 3 scrolls labelled KANELE HEME for 84 gold pieces
  1753 | D        | Bought a forked copper wand for 112 gold pieces
  1753 | D        | Bought an onyx ring for 140 gold pieces
  1753 | D        | Bought the +9 sword of Zonguldrok {reap} for 2240 gold
                  | pieces
  1753 | D        | Found the +9 sword of Zonguldrok {reap}
  1753 | D        | Bought the +2 ratskin cloak {*Rats rPois rN+ Str-1 Int-1
                  | Dex+1} for 778 gold pieces
  1753 | D        | Found the +2 ratskin cloak {*Rats rPois rN+ Str-1 Int-1
                  | Dex+1}
  1764 | D        | Bought a potion of lignification for 42 gold pieces
  1764 | D        | Bought a scroll of identify for 28 gold pieces
  1764 | D        | Bought a scroll of identify for 28 gold pieces
  1764 | D        | Bought a tin of tremorstones (2/2) for 560 gold pieces
  1832 | D        | Noticed Sonja
  1838 | D        | Killed Sonja
  1886 | D        | Noticed Harold
  1893 | D        | Killed Harold
  2110 | D        | Noticed an entropy weaver
  2110 | D        | Noticed a centaur warrior
  2112 | D        | Killed a centaur warrior
  2117 | D        | Reached skill level 27 in Polearms
  2119 | D        | Killed an entropy weaver
  2120 | D        | Reached skill level 1 in Dodging
  2120 | D        | Reached skill level 1 in Evocations
  2128 | D        | Noticed a sphinx
  2142 | D        | Killed a sphinx
  2143 | D        | Reached skill level 5 in Shields
  2146 | D        | Noticed an ettin
  2152 | D        | Noticed a tengu warrior
  2154 | D        | Killed an ettin
  2155 | D        | Reached XP level 13. HP: 119/141 MP: 12/12
  2160 | D        | Noticed an ettin
  2168 | D        | Killed an ettin
  2181 | D        | Noticed a stone giant
  2193 | D        | Reached skill level 5 in Dodging
  2195 | D        | Killed a stone giant
  2377 | D        | Noticed a bunyip
  2380 | D        | Killed a bunyip
  2384 | D        | Reached skill level 5 in Evocations
  2614 | D        | Noticed a broodmother
  2614 | D        | Noticed a broodmother
  2630 | D        | Killed a broodmother
  2657 | D        | Killed a broodmother
  2671 | D        | Noticed a broodmother
  2681 | D        | Killed a broodmother
  2682 | D        | Reached skill level 10 in Shields
  2927 | D        | Noticed a nagaraja
  2943 | D        | Killed a nagaraja
  3062 | D        | Noticed a merfolk impaler
  3066 | D        | Killed a merfolk impaler
  3070 | D        | Reached skill level 10 in Dodging
  3137 | D        | Bought a potion of might for 108 gold pieces
  3137 | D        | Bought a box of beasts for 1080 gold pieces
  3137 | D        | Bought a potion of might for 108 gold pieces
  3137 | D        | Bought a flickering platinum ring for 135 gold pieces
  3137 | D        | Identified the ring "Kiymohov" {Wiz Str+2} (You bought it
                  | in a shop in the Dungeon)
  3137 | D        | Bought a scroll of identify for 54 gold pieces
  3137 | D        | Bought a twisted glass wand for 108 gold pieces
  3137 | D        | Bought a scroll labelled YHOGIDOABB for 27 gold pieces
  3164 | D        | Noticed Rupert
  3165 | D        | Noticed Agnes
  3174 | D        | Killed Rupert
  3175 | D        | Reached XP level 14. HP: 132/155 MP: 13/13
  3179 | D        | Slain by Agnes

Illustrated notes

Levels and vault maps discovered:
D:        linesprint [early_d, line_temple, items_1, d_10, items_2, lair_1,
          lair_end, items_3, orc_1, orc_end, items_4, d_15, swamp_1, shoals_1,
          snake_1, spider_1, d_20, vaults_1, items_5, swamp_end, shoals_end,
          snake_end, spider_end, vaults_end, d_27, items_6, zot_1, zot_end,
          crypt_end, forest_end, elf_end, slime_end, tomb_end, abyss_end,
          pan_hell_end]

Skill      XL: |  1  2  3  4  5  6  7  8  9 10 11 12 13 |
---------------+----------------------------------------+-----
Polearms       | 5 7 10 11 12 15 17 19 22 24 27 | 27.0
Fighting       | 5 7 8 9 11 12 14 16 18 20 22 | 22.7
Armour         | 5 7 8 9 11 12 14 16 18 20 22 | 22.7
Dodging        | 4 10 | 10.7
Shields        | 6 12 | 12.2
Evocations     | 3 9 |  9.0

Action                     |  1- 3 |  4- 6 |  7- 9 | 10-12 | 13-15 || total
---------------------------+-------+-------+-------+-------+-------++-------
  Melee: Trident           |    32 |     5 |       |       |       ||    37
         Headbutt          |     5 |     5 |     4 |    36 |    25 ||    75
         Glaive            |       |    17 |    29 |   222 |   150 ||   418
 Invoke: Call Merchant     |       |       |       |     4 |     3 ||     7
    Use: Potion            |     1 |       |       |       |     1 ||     2
         Scroll            |       |       |       |     2 |     1 ||     3
   Stab: Distracted        |       |       |     1 |     3 |     1 ||     5
         Petrified         |       |       |       |     3 |       ||     3
         Petrifying        |       |       |       |     2 |       ||     2
 Armour: Scale mail        |    12 |     1 |       |       |       ||    13
         Chain mail        |       |    13 |     1 |       |       ||    14
         Plate armour      |       |       |     6 |    87 |       ||    93
         Crystal plate arm |       |       |       |     9 |    95 ||   104
  Dodge: Dodged            |     8 |     5 |     6 |    56 |    39 ||   114
  Block: Buckler           |     3 |       |       |       |       ||     3
